Map: Dusk Towers

Players

Manta - Winner!

  • Race: Zerg Zerg
  • League: Silver

Diferential

  • Race: Protoss Protoss
  • League: Silver

VOD

Have the link to the VOD?

Description

Time

  • Played on: Feb. 14, 2016, 8:07 p.m.
  • Length: 15:23
Show
View Real Time Build Order
Export as new Build Order

Manta Zerg - Winner!

Build Orders: 3 Hatch before Pool 

Get SALT Encoding   

  12  0:01  Drone  
  13  0:13  Drone  
  14  0:17  Overlord  
  14  0:44  Hatchery  
  14  0:47  Drone  
  14  1:12  Hatchery  
  14  1:13  Drone  
  14  1:37  Spawning Pool  
  13  2:03  Drone x2  
  15  2:09  Drone  
  16  2:28  Drone x4  
  20  2:31  Zergling x2  
  20  2:33  Zergling x2  
  22  2:49  Queen  
  24  2:52  Queen  
  24  2:54  Drone  
  27  3:03  Drone x2  
  27  3:05  Drone  
  30  3:07  Drone  
  30  3:08  Extractor  
  30  3:15  Spine Crawler  
  29  3:36  Queen  
  31  3:43  Zergling x6  
  34  3:51  Extractor  
  33  4:05  Spine Crawler  
  33  4:08  Drone x3, Spine Crawler  
  34  4:11  Overlord x2  
  34  4:17  Overlord x2  
  34  4:34  Lair  
  34  4:38  Drone  
  34  4:39  Drone x7  
  42  4:49  Drone x3  
  42  4:50  Drone  
  46  4:59  Pneumatized Carapace  
  46  5:03  Zergling x4  
  46  5:04  Zergling x4  
  50  5:10  Extractor  
  50  5:12  Extractor  
  48  5:22  Drone x3  
  48  5:23  Drone  
  48  5:24  Zergling x12  
  58  5:31  Extractor  
  57  5:43  Overlord x2  
  57  5:44  Spire  
  56  6:10  Zergling x8  
  56  6:11  Zergling x4  
  62  6:18  Overlord  
  62  6:19  Overlord x2  
  62  6:47  Metabolic Boost  
  61  6:59  Mutalisk x3  
  61  7:00  Mutalisk x3  
  73  7:02  Overlord x3  
  73  7:07  Drone x5  
  73  7:08  Drone x3  
  81  7:09  Overlord x2  
  81  7:33  Mutalisk x3  
  81  7:36  Drone x4  
  81  7:37  Drone x3  
  93  7:38  Drone  
  95  7:49  Drone x5  
  95  7:50  Drone  
  101  7:55  Extractor  
  100  8:06  Zerg Flyer Armor Level 1  
  92  8:37  Mutalisk x6  
  92  8:38  Mutalisk  
  92  8:40  Drone x7  
  92  8:41  Drone x4  
  106  9:09  Drone  
  107  9:10  Drone  
  107  9:30  Spine Crawler  
  107  9:31  Spine Crawler  
  105  9:32  Spine Crawler  
  105  9:33  Spine Crawler  
  103  9:39  Hatchery  
  103  9:45  Queen  
  102  9:46  Queen  
  102  9:48  Mutalisk x7  
  102  9:52  Hatchery  
  119  10:10  Hatchery  
  118  10:30  Mutalisk  
  118  10:33  Overlord x6  
  118  10:34  Overlord  
  120  10:57  Mutalisk x7  
  118  10:58  Mutalisk x3  
  138  11:39  Extractor  
  131  12:02  Mutalisk x5  
  131  12:03  Mutalisk x7  
  131  12:04  Mutalisk  
  155  12:16  Drone x3, Extractor  
  155  12:17  Queen  
  159  12:27  Queen  
  157  12:59  Zerg Flyer Weapons Level 1  
  149  13:16  Mutalisk x6  
  149  13:17  Mutalisk x7  
  149  13:18  Zergling x4  
  149  13:19  Zergling x14  
  168  13:20  Zergling x6  
  165  13:30  Mutalisk x2  
  165  13:31  Mutalisk  
  165  13:33  Zergling x6  
  165  13:34  Zergling x14  
  177  13:35  Zergling x6  
  146  13:58  Mutalisk x4  
  140  14:20  Mutalisk x3  
  141  15:12  Hatchery  
Show
View Real Time Build Order
Export as new Build Order

Diferential Protoss 

Build Orders:  

Get SALT Encoding   

  12  0:01  Probe (Chrono Boost)  
  13  0:13  Probe (Chrono Boost)  
  14  0:28  Pylon  
  14  0:29  Probe (Chrono Boost)  
  15  0:46  Probe (Chrono Boost)  
  15  0:48  Gateway  
  17  0:57  Probe (Chrono Boost)  
  17  0:58  Assimilator  
  17  1:07  Probe (Chrono Boost)  
  17  1:11  Assimilator  
  18  1:18  Probe (Chrono Boost)  
  19  1:30  Probe (Chrono Boost)  
  20  1:41  Probe (Chrono Boost)  
  20  1:43  Pylon  
  21  1:52  Pylon, Probe (Chrono Boost)  
  21  1:54  Cybernetics Core  
  22  2:02  Probe (Chrono Boost)  
  23  2:13  Probe (Chrono Boost), Nexus  
  23  2:14  Pylon  
  23  2:23  Probe (Chrono Boost)  
  24  2:30  Gateway  
  24  2:34  Probe (Chrono Boost)  
  25  2:40  Adept  
  27  2:49  Probe (Chrono Boost)  
  28  2:56  Warp Gate  
  28  3:00  Probe (Chrono Boost)  
  28  3:01  Gateway  
  29  3:10  Probe (Chrono Boost)  
  30  3:16  Stalker  
  34  3:20  Adept  
  34  3:26  Pylon  
  34  3:37  Gateway  
  34  3:39  Probe (Chrono Boost)  
  36  3:41  Probe (Chrono Boost)  
  36  3:50  Probe (Chrono Boost)  
  36  3:51  Assimilator  
  36  3:55  Assimilator  
  37  3:57  Pylon  
  37  4:00  Probe (Chrono Boost)  
  38  4:07  Robotics Facility  
  39  4:10  Probe x2 (Chrono Boost)  
  40  4:20  Probe (Chrono Boost)  
  40  4:21  Probe (Chrono Boost)  
  42  4:25  Adept  
  42  4:27  Adept  
  42  4:30  Sentry  
  48  4:37  Pylon, Probe x2 (Chrono Boost)  
  50  4:47  Probe (Chrono Boost)  
  50  4:48  Gateway  
  50  4:50  Probe (Chrono Boost)  
  53  5:01  Mothership Core (Chrono Boost)  
  53  5:02  Probe (Chrono Boost)  
  53  5:05  Immortal  
  59  5:12  Probe (Chrono Boost)  
  60  5:15  Robotics Bay  
  60  5:16  Stalker  
  60  5:17  Pylon  
  60  5:19  Probe (Chrono Boost)  
  63  5:23  Probe (Chrono Boost)  
  64  5:29  Pylon  
  64  5:30  Probe (Chrono Boost)  
  64  5:33  Probe (Chrono Boost)  
  66  5:39  Stalker  
  66  5:40  Stalker  
  66  5:41  Stalker  
  72  6:02  Sentry x2  
  72  6:03  Sentry x2  
  80  6:14  Adept  
  82  6:20  Disruptor  
  85  6:31  Probe (Chrono Boost)  
  86  6:47  Nexus  
  84  6:48  Pylon  
  84  7:03  Probe x2 (Chrono Boost)  
  84  7:04  Disruptor  
  89  7:11  Robotics Facility  
  89  7:13  Pylon, Probe (Chrono Boost)  
  89  7:14  Probe (Chrono Boost)  
  91  7:15  Pylon  
  91  7:18  Assimilator  
  91  7:22  Assimilator  
  91  7:24  Probe x2 (Chrono Boost)  
  91  7:25  Pylon  
  91  7:29  Pylon  
  93  7:32  Pylon  
  93  7:34  Pylon  
  93  7:35  Probe x2 (Chrono Boost)  
  95  7:40  Pylon, Stalker  
  95  7:41  Stalker x3  
  95  7:43  Adept  
  105  7:45  Probe x2 (Chrono Boost)  
  107  7:56  Probe (Chrono Boost)  
  107  7:57  Probe (Chrono Boost)  
  109  7:59  Disruptor x2  
  90  9:10  Probe x2 (Chrono Boost)  
  90  9:13  Probe (Chrono Boost)  
  93  9:21  Probe x2 (Chrono Boost)  
  93  9:23  Pylon  
  95  9:27  Forge, Probe (Chrono Boost)  
  95  9:28  Forge  
  95  9:29  Pylon  
  97  9:31  Probe (Chrono Boost)  
  97  9:33  Probe (Chrono Boost)  
  97  9:36  Pylon  
  97  9:38  Probe (Chrono Boost)  
  99  9:42  Gateway, Probe (Chrono Boost)  
  99  9:44  Probe (Chrono Boost), Gateway  
  101  9:46  Gateway  
  101  9:48  Probe (Chrono Boost)  
  102  9:52  Stalker  
  102  9:53  Stalker x4, Nexus  
  102  9:56  Pylon  
  102  9:57  Disruptor x2  
  118  10:00  Pylon  
  118  10:01  Assimilator, Pylon  
  118  10:06  Assimilator, Pylon  
  118  10:09  Protoss Ground Armor Level 1  
  118  10:10  Protoss Ground Weapons Level 1  
  118  10:11  Pylon  
  118  10:13  Pylon  
  110  10:22  Stalker x4  
  110  10:30  Stalker  
  110  10:31  Stalker  
  110  10:32  Stalker x2  
  118  10:39  Pylon  
  118  10:40  Pylon  
  118  10:47  Photon Cannon  
  118  10:50  Photon Cannon  
  118  10:56  Stalker x3  
  118  10:57  Stalker x2  
  126  11:03  Gateway  
  128  11:05  Gateway  
  128  11:09  Pylon  
  128  11:11  Pylon, Adept x2  
  128  11:12  Adept  
  128  11:17  Disruptor x2  
  140  11:23  Photon Cannon  
  140  11:26  Pylon, Probe x2 (Chrono Boost)  
  140  11:29  Photon Cannon  
  140  11:32  Probe (Chrono Boost)  
  144  11:33  Probe (Chrono Boost)  
  144  11:36  Photon Cannon  
  144  11:37  Photon Cannon  
  143  11:52  Disruptor  
  137  11:59  Stalker  
  137  12:00  Stalker  
  130  12:03  Stalker x4  
  130  12:04  Stalker x2  
  142  12:09  Protoss Shields Level 1  
  142  12:14  Twilight Council  
  142  12:17  Photon Cannon  
  142  12:19  Photon Cannon  
  142  12:21  Photon Cannon  
  142  12:23  Photon Cannon  
  142  12:25  Pylon  
  142  12:27  Pylon  
  142  12:30  Photon Cannon  
  142  12:35  Disruptor  
  142  12:36  Disruptor  
  138  12:55  Stalker x3  
  138  12:56  Stalker x3  
  110  13:32  Probe x4 (Chrono Boost)  
  104  13:51  Stalker x2  
  104  13:52  Stalker x4  
  104  13:53  Stalker x2  
  59  14:18  Pylon  
  59  14:22  Pylon  
  59  14:23  Photon Cannon  
  59  14:24  Probe (Chrono Boost), Photon Cannon  
  60  14:27  Mothership Core (Chrono Boost)  
  58  14:31  Stargate  
  58  14:32  Stargate  
  55  14:49  Stalker  
  55  14:50  Stalker x2  
  55  14:51  Stalker x2  
  55  14:54  Stalker x3  
Tags
 
Add a new tag
Caveats
  • Supply blocks, unpowered buildings, or Contaminate may cause inaccurate times.
  • Supply counts are checked every 10 seconds.